Map: Blueshift LE

Players

llIllllIllll - Winner!

  • Race: Protoss Protoss
  • League: Master
  • Spawn Location: 1:00

LingaZing

  • Race: Terran Terran
  • League: Master
  • Spawn Location: 7:00

VOD

Have the link to the VOD?

Description

Time

  • Played on: Sept. 1, 2018, 8:10 p.m.
  • Length: 14:41
Show
View Real Time Build Order
Export as new Build Order

llIllllIllll Protoss - Winner!

Build Orders:  

Get SALT Encoding   

  12  0:01  Probe  
  13  0:13  Probe  
  14  0:21  Pylon  
  14  0:25  Probe  
  15  0:39  Probe  
  15  0:40  Forge  
  16  0:55  Pylon  
  16  1:07  Assimilator  
  16  1:17  Photon Cannon  
  16  1:19  Photon Cannon  
  16  1:30  Gateway  
  16  1:35  Probe  
  17  1:47  Pylon, Probe  
  17  1:54  Assimilator  
  17  1:58  Assimilator  
  17  2:01  Pylon, Probe  
  18  2:19  Zealot  
  18  2:20  Probe  
  21  2:30  Cybernetics Core  
  21  2:33  Probe  
  22  2:41  Probe  
  22  2:51  Pylon  
  23  3:05  Probe  
  24  3:13  Stargate, Probe  
  25  3:22  Probe  
  26  3:30  Stalker  
  28  3:35  Probe  
  28  3:36  Pylon  
  29  3:55  Stalker  
  29  3:59  Fleet Beacon  
  29  4:20  Stalker  
  31  4:37  Nexus  
  31  4:43  Photon Cannon  
  31  5:00  Stalker  
  31  5:01  Shield Battery  
  31  5:03  Probe  
  31  5:05  Tempest  
  40  5:31  Probe  
  40  5:32  Shield Battery  
  41  5:35  Stalker  
  43  5:43  Probe  
  44  5:50  Probe  
  45  5:57  Tempest  
  42  6:18  Pylon  
  42  6:30  Probe  
  42  6:37  Probe  
  42  6:38  Probe  
  44  6:43  Photon Cannon  
  44  6:46  Stalker  
  47  6:49  Probe  
  48  6:59  Tempest  
  54  7:02  Probe  
  55  7:14  Probe  
  56  7:25  Probe  
  59  7:33  Probe  
  59  7:35  Assimilator  
  59  7:38  Assimilator  
  60  7:48  Tempest  
  64  7:54  Robotics Facility  
  64  7:58  Probe  
  64  8:00  Pylon  
  65  8:07  Probe  
  66  8:16  Gateway  
  66  8:19  Pylon, Gateway  
  66  8:27  Probe  
  66  8:31  Tempest  
  73  8:35  Probe  
  73  8:36  Probe  
  75  8:49  Probe  
  75  8:50  Robotics Bay  
  76  9:01  Probe  
  76  9:02  Pylon  
  77  9:04  Observer  
  78  9:16  Pylon  
  78  9:20  Probe  
  78  9:22  Pylon, Tempest  
  85  9:27  Colossus  
  91  9:42  Warp Gate  
  91  9:49  Extended Thermal Lance  
  91  9:53  Probe  
  92  10:04  Twilight Council  
  92  10:05  Probe  
  91  10:15  Colossus  
  91  10:18  Observer  
  97  10:31  Gateway  
  97  10:32  Gateway  
  97  10:34  Gateway  
  97  10:51  Pylon  
  97  10:53  Pylon  
  97  11:03  Nexus  
  97  11:17  Pylon  
  103  11:21  Templar Archives  
  97  11:26  Colossus, Pylon  
  103  11:52  Probe  
  103  11:53  Probe  
  105  12:00  Psionic Storm  
  105  12:04  Probe  
  105  12:05  Assimilator, Probe  
  105  12:08  Pylon  
  107  12:10  Assimilator  
  107  12:12  High Templar x3  
  113  12:16  Probe  
  113  12:19  Pylon  
  114  12:28  Probe  
  115  12:30  High Templar  
  115  12:33  High Templar  
  119  12:40  Probe  
  120  12:56  Stalker x3  
  126  13:08  Pylon x2  
  98  13:35  Stalker  
  98  13:36  Stalker x3  
Show
View Real Time Build Order
Export as new Build Order

LingaZing Terran 

Build Orders: MMM Bio 

Get SALT Encoding   

  12  0:02  SCV  
  13  0:14  SCV  
  13  0:18  Supply Depot  
  14  0:27  SCV  
  15  0:39  SCV  
  15  0:41  Barracks  
  16  0:46  Refinery  
  16  0:51  SCV  
  17  1:04  SCV  
  18  1:16  SCV  
  19  1:25  Supply Depot  
  19  1:33  Supply Depot  
  19  1:35  Orbital Command  
  19  1:37  Marine  
  18  1:55  Marine  
  18  2:02  SCV  
  18  2:13  Marine  
  18  2:15  SCV  
  16  2:37  Marine  
  15  2:43  SCV, Factory  
  17  2:44  Barracks  
  17  2:54  Bunker  
  17  3:02  SCV  
  18  3:10  Barracks Tech Lab  
  18  3:14  SCV  
  19  3:22  Marine  
  19  3:26  SCV  
  21  3:31  Marine  
  22  3:40  Marine, Starport  
  23  3:51  Factory Tech Lab  
  23  3:55  Supply Depot  
  23  4:06  Marine  
  23  4:07  Marine  
  23  4:09  SCV  
  23  4:20  Refinery  
  23  4:23  Liberator  
  23  4:24  Marine, Command Center  
  23  4:25  Marine  
  24  4:42  Marine  
  27  4:55  Bunker  
  26  5:01  Bunker  
  26  5:05  Marine x2  
  28  5:07  SCV  
  28  5:11  Supply Depot  
  28  5:23  Marine x2  
  30  5:32  Siege Tank  
  30  5:35  SCV  
  34  5:36  Orbital Command, Bunker  
  33  5:45  Barracks Tech Lab  
  33  5:48  SCV  
  34  6:05  Stimpack  
  33  6:15  Starport Reactor  
  33  6:19  Marine  
  33  6:24  Barracks Reactor  
  34  6:26  Barracks  
  34  6:29  Barracks  
  34  6:41  Marine  
  35  6:54  Viking x2  
  35  6:58  Bunker  
  35  6:59  Marine  
  37  7:01  Orbital Command  
  37  7:03  Marine x2  
  38  7:19  Marine x3  
  38  7:21  Marine  
  41  7:25  Siege Tank  
  44  7:37  Marine  
  45  7:50  Viking x2  
  48  8:09  Combat Shields  
  48  8:20  Medivac  
  49  8:28  Marine x3  
  49  8:29  Marine  
  53  8:36  Orbital Command, Supply Depot  
  53  8:58  Viking  
  53  9:00  Marine x5  
  60  9:04  Supply Depot  
  60  9:18  Marine x2  
  60  9:20  Supply Depot x2  
  62  9:35  Barracks Reactor  
  62  9:36  Starport  
  62  9:42  Marine x4  
  62  9:44  SCV x2  
  68  9:56  Viking x2, SCV x2  
  74  10:09  Marine x4  
  76  10:26  Armory, Barracks Reactor  
  76  10:29  Viking x2  
  76  10:31  Medivac  
  76  10:33  SCV  
  83  10:50  SCV x2  
  85  10:59  Refinery x2  
  85  11:02  Supply Depot x2, SCV  
  86  11:04  Supply Depot  
  86  11:08  Barracks Reactor  
  86  11:23  Marine x3, SCV  
  90  11:35  Viking x3  
  90  11:38  Terran Ship Weapons Level 1  
  96  11:43  SCV x2  
  88  11:55  SCV  
  89  12:02  Medivac  
  89  12:05  Medivac  
  93  12:16  Marine  
  93  12:17  Marine x5  
  93  12:18  Marine  
  100  12:42  Viking x3  
  106  12:46  Marine x3  
  109  13:06  Supply Depot x3  
  52  13:47  Marine  
  52  13:48  Marine x6  
  55  13:49  Viking  
  48  14:05  Marine x4  
Tags
 
Composition
MMM Bio
Matchup
PvT
Spawn Locations
Cross Positions
Add a new tag
Caveats
  • Supply blocks, unpowered buildings, or Contaminate may cause inaccurate times.
  • Supply counts are checked every 10 seconds.